 Dungeon Crawl Stone Soup version 0.26-a0-631-ged93497179 (webtiles) character file.

Game seed: 18038749998164715299

139 DogServant the Skirmisher (level 5, -3/59 HPs)
             Began as an Ogre Berserker on Sept 12, 2020.
             Was a Believer of Trog.
             Slain by a centaur (6 damage)
             ... on level 3 of the Dungeon.
             The game lasted 00:03:35 (2291 turns).

DogServant the Skirmisher (Ogre Berserker)          Turns: 2291, Time: 00:03:36

Health: -3/59      AC:  3    Str: 22    XL:     5   Next: 22%
Magic:  5/5        EV: 10    Int:  8    God:    Trog [**....]
Gold:   56         SH:  0    Dex:  8    Spells: 4/4 levels left

rFire    . . .     SeeInvis .   a - +0 hand axe
rCold    . . .     Faith    .   (no shield)
rNeg     . . .     Spirit   .   b - +0 animal skin
rPois    .         Reflect  .   (helmet restricted)
rElec    .         Harm     .   (no cloak)
rCorr    .         Rampage  .   (gloves unavailable)
MR       .....                  (boots unavailable)
Stlth    +.........             (no amulet)
HPRegen  0.19/turn              (no ring)
MPRegen  0.09/turn              (no ring)

@: berserk cooldown, slowed, very slow
A: large, unfitting armour, tough skin 1
a: Berserk, Trog's Hand, Renounce Religion


You were on level 3 of the Dungeon.
You worshipped Trog.
Trog was pleased with you.
You visited 1 branch of the dungeon, and saw 3 of its levels.

You collected 56 gold pieces.

Inventory:

Hand Weapons
 a - a +0 hand axe (weapon)
Missiles
 h - 3 boomerangs (quivered)
 k - 5 atropa-tipped darts
Armour
 b - a +0 animal skin (worn)
Jewellery
 l - a cursed amulet of inaccuracy {unknown}
Scrolls
 c - 5 scrolls of identify {unknown}
 d - a scroll of teleportation {unknown}
 e - a scroll of enchant armour {unknown}
 f - a scroll of remove curse {unknown}
 o - a scroll of fog {unknown}
Potions
 g - a potion of brilliance {unknown}
 i - a potion of berserk rage {unknown}
 j - a potion of degeneration {unknown}
 m - a potion of heal wounds {unknown}
 n - a potion of stabbing {unknown}


   Skills:
 + Level 5.6 Fighting
 + Level 4.2 Axes
 + Level 2.0 Throwing
 - Level 2.6 Dodging


You had 4 spell levels left.
You didn't know any spells.
Your spell library was empty.

Dungeon Overview and Level Annotations

Branches:
Dungeon (3/15)

Altars:


Innate Abilities, Weirdness & Mutations

You are too large for most types of armour.
You have tough skin. (AC +1)


Message History

You are no longer berserk.
You are exhausted.
You feel yourself slow down.
The centaur unwields a +0 shortbow.
The centaur barely misses you.
You hit the centaur.
The centaur is heavily wounded.
The centaur completely misses you. The centaur barely misses you.
The centaur hits you!
* * * LOW HITPOINT WARNING * * *
You hit the centaur but do no damage.
The centaur is heavily wounded.
The centaur barely misses you. The centaur closely misses you.
You closely miss the centaur.
The centaur is heavily wounded.
The centaur barely misses you. x2
The centaur hits you but does no damage.
You hit the centaur.
The centaur is heavily wounded.
The centaur hits you.
You die...

...... ......
.!....######
...........#
...........#
...........######
#...c..#.....##
.###...@.........##
.....?.(...$......#
........†.........#
........†...?..<..#
..#....)..........#
. #...............#
##..............#
##.....#.....#...
#################


You could see a centaur.

Vanquished Creatures
  Terence (D:2)
  3 gnolls (D:3)
  4 adders (D:2)
  4 dart slugs
  A giant cockroach (D:1)
  2 goblins (D:1)
  5 hobgoblins
  7 jackals
  6 bats
  3 frilled lizards
  4 kobolds
  3 rats
43 creatures vanquished.

Notes
Turn   | Place    | Note
-------+----------+-------------------------------------------
     0 | D:1      | DogServant the Ogre Berserker began the quest for the Orb.
     0 | D:1      | Reached XP level 1. HP: 24/24 MP: 1/1
   129 | D:1      | Reached XP level 2. HP: 28/33 MP: 2/2
  1082 | D:2      | Noticed Terence
  1091 | D:2      | Killed Terence
  1091 | D:2      | Reached skill level 5 in Fighting
  1091 | D:2      | Reached skill level 1 in Throwing
  1091 | D:2      | Reached XP level 3. HP: 42/42 MP: 3/3
  1136 | D:2      | Reached XP level 4. HP: 42/50 MP: 4/4
  1479 | D:2      | Reached ** piety under Trog
  2277 | D:3      | Reached XP level 5. HP: 41/57 MP: 5/5
  2280 | D:3      | Noticed a centaur
  2288 | D:3      | HP: 2/59 [centaur (7)]
  2291 | D:3      | Slain by a centaur

Illustrated notes

Levels and vault maps discovered:
D:1:      lightli_arrival_lavapool, layout_basic
D:2:      layout_loops_corners, uniq_terence
D:3:      layout_rooms, chequers_ecumenical_altar_lobes,
          kennysheep_generic_room_9

Skill      XL: |  1  2  3  4  5 |
---------------+----------------+-----
Fighting       | 5 |  5.6
Throwing       | 1 2 |  2.0
Axes           | 4 |  4.2
Dodging        | |  2.6

Action                   |  1- 3 |  4- 6 || total
-------------------------+-------+-------++-------
Melee: Hand axe          |    67 |    94 ||   161
Throw: Boomerang         |     7 |       ||     7
Invok: Berserk           |     1 |     1 ||     2
Armor: Animal skin       |    19 |    28 ||    47
Dodge: Dodged            |    38 |    51 ||    89

Table legend: (Time is in decaauts)
 A = Elapsed time spent in this place.
 B = Non-inter-level travel time spent in this place.
 C = Inter-level travel time spent in this place.
 D = Time resting spent in this place.
 E = Time spent auto-exploring this place.
 F = Levels seen in this place.
 G = Mean time per level.
                   A        B        C        D        E       F      G
               +--------+--------+--------+--------+--------+-----+--------+
         Total |   2322 |   2179 |    143 |     93 |   1742 |   3 |  774.0 |
       Dungeon |   2322 |   2179 |    143 |     93 |   1742 |   3 |  774.0 |
               +--------+--------+--------+--------+--------+-----+--------+

Top non-repeatable levels by time:
     D:2: 1195 daAuts
     D:1: 1090 daAuts
     D:3: 36 daAuts
